 Dungeon Crawl Stone Soup version 0.16-a0-1885-g0f03bb0 (webtiles) character file.

6723 Kraw the Slicer (level 11, -29/75 HPs)
             Began as a Halfling Abyssal Knight on Nov 6, 2014.
             Was the Champion of Lugonu.
             Killed from afar by a gargoyle (33 damage)
             ... with a stone arrow
             ... on level 10 of the Dungeon.
             The game lasted 01:20:02 (14198 turns).

Kraw the Slicer (Halfling Abyssal Knight)          Turns: 14198, Time: 01:20:02

Health: -29/75     AC:  8    Str: 15    XL:     11   Next: 24%
Magic:  0/21       EV: 11    Int: 14    God:    Lugonu [******]
Gold:   526        SH:  7    Dex: 15    Spells: 0 memorised, 10 levels left

rFire  + . .     SeeInvis .     a - +4 short sword (venom)
rCold  . . .     Clarity  .     F - +0 scale mail (curse)
rNeg   . . .     SustAb   .     q - +0 buckler
rPois  .         Gourm    .     (no helmet)
rElec  .         Spirit   +     M - +0 cloak
rCorr  .         Warding  .     (no gloves)
rMut   .         Stasis   .     E - +0 pair of boots
MR     .....                    I - amulet of guardian spirit
Stlth  ..........               i - +3 ring of strength
                                D - ring of protection from fire

@: not resistant to hostile enchantments, extremely unstealthy
A: mutation resistance 1
a: Depart the Abyss, Bend Space, Banish, Corrupt, Enter the Abyss, Renounce
Religion


You were on level 10 of the Dungeon.
You worshipped Lugonu.
Lugonu was exalted by your worship.
You were hungry.

You visited 2 branches of the dungeon, and saw 11 of its levels.
You visited the Abyss 1 time.
You also visited: Ossuary.

You collected 526 gold pieces.

Inventory:

Hand weapons
 a - a +4 short sword of venom (weapon)
 b - a +0 blowgun
Missiles
 d - 44 stones (quivered)
 k - 6 poisoned needles
 t - 11 sling bullets of flame
 z - 17 sling bullets
Armour
 q - a +0 buckler (worn)
 E - a +0 pair of boots (worn)
 F - a cursed +0 scale mail (worn)
 L - a cursed +0 chain mail
 M - a +0 cloak (worn)
Jewellery
 i - a +3 ring of strength (right hand)
 l - an uncursed ring of teleportation
 D - a ring of protection from fire (left hand)
 H - an uncursed ring of fire
 I - an amulet of guardian spirit (around neck)
 O - an uncursed ring of invisibility
Magical devices
 A - a wand of paralysis (17)
 C - a wand of draining (0)
 G - a wand of cold (11)
 N - a wand of fireball (5)
Scrolls
 e - 2 scrolls of remove curse
 f - 7 scrolls of magic mapping {unknown}
 g - 3 scrolls of enchant armour
 h - a scroll of noise {unknown}
 j - 2 scrolls of fog {unknown}
 m - 5 scrolls of recharging
 n - 3 scrolls of teleportation {unknown}
 w - 4 scrolls of enchant weapon {unknown}
 y - 3 scrolls of blinking {unknown}
 K - 3 scrolls of fear
Potions
 o - a potion of berserk rage
 p - 2 potions of agility {unknown}
 s - 4 potions of curing
 u - 3 potions of haste
 v - 3 potions of restore abilities
 x - a potion of might
Books
 Q - a book of Minor Magic

   Spells                             Type                      Level
   Magic Dart                         Conjuration                  1
   Blink                              Translocation                2
   Call Imp                           Summoning                    2
   Repel Missiles                     Charms/Air                   2
   Slow                               Hexes                        2
   Conjure Flame                      Conjuration/Fire             3
   Mephitic Cloud                     Conjuration/Poison/Air       3
Comestibles
 c - 9 bread rations
 r - 5 meat rations
 J - a beef jerky
 P - 8 slices of pizza
 R - a chunk of flesh


   Skills:
 - Level 7.2 Fighting
 - Level 11.4 Short Blades
 - Level 2.1 Armour
 + Level 7.5 Dodging
 - Level 9.1 Shields
 - Level 6.0 Invocations


You had 10 spell levels left.
You didn't know any spells.

Dungeon Overview and Level Annotations

Branches:
Dungeon (10/15)            Temple (1/1) D:4            Lair (0/8) D:8
    Orc (0/4) D:9

Altars:
Dithmenos
Ru
Xom

Shops:
D:4 *[((   D:5 (   D:9 }[}}}

Annotations:
D:10 Nergalle


Innate Abilities, Weirdness & Mutations

You are small and have problems with some larger weapons.
You are somewhat resistant to further mutation.


Message History

The gargoyle is severely damaged.
You block the gargoyle's attack.
You hit the gargoyle but do no damage.
The gargoyle is severely damaged.
You hit the gargoyle but do no damage.
The gargoyle is severely damaged.
The gargoyle hits you with a mace.
You hit the gargoyle but do no damage.
The gargoyle is severely damaged.
You completely miss the gargoyle.
The gargoyle is severely damaged.
The gargoyle hurls a stone arrow at you.
The stone arrow hits you!
* * * LOW HITPOINT WARNING * * *
You hit the gargoyle but do no damage.
The gargoyle is severely damaged.
There is an open door, spattered with blood here.
The gargoyle hurls a stone arrow at you.
The stone arrow hits you!
You die...

#........# #........#
#........# #........#
#........# #........#
#####9#### #..#
######@#####
#..........# #
#..........# ##
#..........# .#####
#..........# .....##
#..........#
####..#####..........#
##.....รท..........#
#######..........#


You could see a gargoyle.

Vanquished Creatures
  A komodo dragon (D:8)
  2 hippogriffs
  A wyvern (D:9)
  Eustachio (D:8)
  A wraith (D:10)
  5 yaks (D:9)
  A hill giant skeleton (D:7)
  2 ice beasts
  9 orc warriors
  2 water moccasins
  A sky beast (D:10)
  2 ogres
  A crocodile (D:9)
  2 centaurs
  Duvessa (D:7)
  8 giant frogs
  10 scorpions
  8 wights
  A yak zombie (D:9)
  A yak skeleton (D:8)
  A goliath beetle (D:9)
  3 crimson imps
  5 hounds
  4 centaur zombies (Ossuary)
  Dowan (D:7)
  An electric eel (D:7)
  A human zombie (Ossuary)
  A black bear zombie (D:9)
  Crazy Yiuf (D:7)
  6 orc priests
  A centaur skeleton (D:7)
  8 orc wizards
  2 quasits
  5 worker ants
  An iguana (D:9)
  Ijyb (D:7)
  Terence (D:3)
  3 mummies (Ossuary)
  7 gnolls
  A gnoll skeleton (D:6)
  4 scorpion zombies (Ossuary)
  9 adders
  4 shadow imps
  3 worms
  4 giant mites
  An iguana zombie (D:5)
  8 giant geckos
  An ooze (D:5)
  29 orcs
  12 bats
  A bat skeleton (D:4)
  14 goblins
  21 hobgoblins
  9 jackals
  5 quokkas
  A ball python (D:2)
  8 giant cockroaches
  5 giant newts
  2 goblin zombies (Ossuary)
  2 hobgoblin zombies (Ossuary)
  16 kobolds
  18 rats
  A rat skeleton (D:6)
  2 rat zombies (D:6)
294 creatures vanquished.

Vanquished Creatures (others)
  A scorpion (Ossuary)
  A gnoll zombie (Ossuary)
  A kobold zombie (D:4)
  An orc zombie (Ossuary)
  A plant (D:8)
5 creatures vanquished.

Grand Total: 299 creatures vanquished

Notes
Turn   | Place    | Note
--------------------------------------------------------------
     0 | Abyss:1  | Kraw, the Halfling Abyssal Knight, began the quest for the Orb.
     0 | Abyss:1  | Reached XP level 1. HP: 15/15 MP: 1/1
    47 | Abyss:1  | Noticed a hellwing
    51 | D:1      | Escaped the Abyss
   118 | D:1      | Acquired Lugonu's first power
   123 | D:1      | Reached skill level 3 in Short Blades
   284 | D:1      | Reached XP level 2. HP: 20/20 MP: 2/2
   628 | D:1      | Reached XP level 3. HP: 25/25 MP: 4/4
  1137 | D:1      | Acquired Lugonu's second power
  1641 | D:2      | Reached skill level 4 in Short Blades
  1769 | D:2      | Reached XP level 4. HP: 25/30 MP: 7/7
  2350 | D:2      | Acquired Lugonu's third power
  2395 | D:3      | Reached XP level 5. HP: 21/35 MP: 8/8
  2542 | D:3      | Reached skill level 5 in Short Blades
  3172 | D:3      | Noticed Terence
  3183 | D:3      | Killed Terence
  3340 | D:3      | Reached XP level 6. HP: 7/41 MP: 11/11
  3687 | D:3      | Acquired Lugonu's fourth power
  3901 | D:4      | Reached skill level 5 in Invocations
  4143 | D:4      | Reached skill level 1 in Shields
  4189 | D:4      | Found Bolaug's Antique Armour Shoppe.
  4272 | D:4      | Reached XP level 7. HP: 14/45 MP: 14/14
  4649 | D:4      | Found Strymoal's Assorted Antiques.
  4798 | D:4      | Found Foanwex's Weapon Boutique.
  4801 | D:4      | Found Hufau's Weapon Shop.
  4946 | D:4      | Reached skill level 6 in Invocations
  4970 | D:4      | Found a staircase to the Ecumenical Temple.
  4980 | Temple   | Entered the Ecumenical Temple
  5028 | D:5      | Entered Level 5 of the Dungeon
  5028 | D:5      | Found Bik Ack's Antique Weapon Boutique.
  5342 | D:5      | Found a sand-covered staircase.
  5349 | Ossuary  | Entered an ossuary
  5788 | Ossuary  | Reached XP level 8. HP: 32/51 MP: 17/17
  5946 | Ossuary  | Reached skill level 7 in Short Blades
  6537 | Ossuary  | Reached skill level 5 in Shields
  6597 | Ossuary  | Reached skill level 8 in Short Blades
  6957 | D:5      | Found a shimmering altar of Xom.
  6987 | D:5      | Acquired Lugonu's fifth power
  7110 | D:5      | Found a staircase to the Ecumenical Temple.
  7859 | D:6      | Found a sacrificial altar of Ru.
  8003 | D:5      | Reached skill level 9 in Short Blades
  8003 | D:5      | Reached XP level 9. HP: 38/55 MP: 11/18
  9565 | D:7      | Noticed Ijyb
  9588 | D:7      | Reached skill level 10 in Short Blades
  9608 | D:7      | Killed Ijyb
  9942 | D:7      | Noticed Dowan
  9944 | D:7      | Noticed Duvessa
  9971 | D:7      | Killed Dowan
  9972 | D:7      | Killed Duvessa
 10568 | D:7      | Noticed Crazy Yiuf
 10598 | D:7      | Killed Crazy Yiuf
 10775 | D:8      | Noticed Eustachio
 10789 | D:8      | Killed Eustachio
 10789 | D:8      | Reached skill level 11 in Short Blades
 10836 | D:8      | Found a staircase to the Lair.
 10855 | D:8      | Noticed a komodo dragon
 10877 | D:8      | Killed a komodo dragon
 10877 | D:8      | Reached XP level 10. HP: 24/61 MP: 7/20
 11770 | D:8      | Reached skill level 5 in Fighting
 11831 | D:7      | Found a shadowy altar of Dithmenos.
 12382 | D:9      | Found Cruppet's Gadget Shoppe.
 12488 | D:9      | Found Uxedeipt's Gadget Emporium.
 12530 | D:9      | Found Ghet's Gadget Shoppe.
 13264 | D:9      | Reached XP level 11. HP: 47/75 MP: 17/21
 13348 | D:9      | Found a staircase to the Orcish Mines.
 13432 | D:9      | Reached skill level 5 in Dodging
 13487 | D:9      | Found Pnahain's Gadget Shop.
 13542 | D:9      | Found Izxatzuss' Antique Armour Emporium.
 13634 | D:10     | Entered Level 10 of the Dungeon
 13833 | D:10     | Noticed Nergalle
 14193 | D:10     | HP: 3/75 [gargoyle/stone arrow (25)]
 14198 | D:10     | Killed from afar by a gargoyle

Action                   |  1- 3 |  4- 6 |  7- 9 | 10-12 || total
-------------------------+-------+-------+-------+-------++-------
Melee: Short sword       |   170 |   272 |   546 |   534 ||  1522
 Fire: Blowgun           |       |    43 |   154 |    31 ||   228
Throw: Stone             |    25 |    36 |    40 |    12 ||   113
Invok: Depart the Abyss  |     1 |       |       |       ||     1
       Bend Space        |       |       |     6 |     3 ||     9
       Banish            |       |       |     1 |     1 ||     2
Evoke: Wand              |       |       |     3 |       ||     3
  Use: Scroll            |       |     4 |    13 |     1 ||    18
       Potion            |       |     1 |     1 |     1 ||     3
 Stab: Distracted        |       |     1 |     2 |       ||     3
  Eat: Chunk             |     3 |     8 |    15 |     8 ||    34
       Pizza             |       |       |     1 |     1 ||     2
       Meat ration       |       |       |     1 |       ||     1
       Beef jerky        |       |       |       |     1 ||     1
